 Dungeon Sprint DCSS version 0.22.1-2-g9c5b331 (webtiles) character file.

704 diana the Cleaver (level 7, -4/118 HPs)
             Began as a Minotaur Monk on Dec 14, 2018.
             Was the Champion of Makhleb.
             Slain by a shadow wraith (14 damage)
             ... in the Dungeon (Sprint VII: "The Pits").
             The game lasted 00:02:29 (648 turns).

diana the Cleaver (Minotaur Monk)                    Turns: 648, Time: 00:02:30

Health: -4/118     AC: 12    Str: 23    XL:     7   Next: 39%
Magic:  6/6        EV:  7    Int:  7    God:    Makhleb [******]
Gold:   0          SH:  0    Dex: 12    Spells: 6/6 levels left

rFire    . . .     SeeInvis .   j - +2 hand axe
rCold    . . .     Gourm    .   (no shield)
rNeg     . . .     Faith    .   o - +2 plate armour
rPois    .         Spirit   .   (helmet restricted)
rElec    .         Reflect  .   (no cloak)
rCorr    .         Harm     .   (no gloves)
MR       .....     NoTele   +   (no boots)
Stlth    ..........             (no amulet)
HPRegen  0.29/turn              (no ring)
MPRegen  0.10/turn              (no ring)

@: berserking, slowed
A: retaliatory headbutt, horns 2
a: Minor Destruction, Lesser Servant of Makhleb, Major Destruction, Greater
Servant of Makhleb, Renounce Religion


You were in the Dungeon.
You worshipped Makhleb.
Makhleb was exalted by your worship.
You were not hungry.

You visited 1 branch

Inventory:

Hand Weapons
 j - a +2 hand axe (weapon)
 k - a +2 mace
Armour
 b - a +0 robe
 o - a +2 plate armour (worn)
Scrolls
 i - a scroll of blinking
 l - 3 scrolls of remove curse
 m - 5 scrolls of amnesia
 n - a scroll of summoning
Potions
 a - 2 potions of invisibility
 d - 6 potions of curing
 f - a potion of haste
 g - 4 potions of magic
 h - 2 potions of berserk rage
Comestibles
 c - 8 rations


   Skills:
 * Level 13.5 Fighting
 * Level 13.5 Axes
 - Level 3.6 Dodging
 - Level 1.6 Stealth


You had 6 spell levels left.
You didn't know any spells.
Your spell library was empty.

Dungeon Overview and Level Annotations

Branches:
Dungeon (1/1)

Altars:
Ashenzari
Cheibriados
Dithmenos
Elyvilon
Fedhas
Gozag
Hepliaklqana
Kikubaaqudgha
Makhleb
Nemelex Xobeh
Okawaru
Qazlal
Ru
Sif Muna
Trog
Uskayaw
Vehumet
Wu Jian
Xom
Yredelemnul
Zin
The Shining One
Beogh
Jiyva
Lugonu


Innate Abilities, Weirdness & Mutations

You reflexively headbutt those who attack you in melee.
You have a pair of horns on your head.


Message History

You slash something! You headbutt something. Something hits you.
* * * LOW HITPOINT WARNING * * *
Unknown command.
You feel much better. Something hits you!!
* * * LOW HITPOINT WARNING * * *
You feel much better. Something hits you. Something drains your vigour!
You feel as though you will be slow longer.
Something hits you.
* * * LOW HITPOINT WARNING * * *
Something drains your vigour!
You feel as though you will be slow longer.
You closely miss something. Something hits you!
* * * LOW HITPOINT WARNING * * *
Something drains your vigour!
You feel as though you will be slow longer.
Unknown command.
Okay, then.
A red film seems to cover your vision as you go berserk!
You feel yourself moving faster!
You feel mighty! Something hits you!
You die...

#.#........##.......#
#.#####'#####...<...#
#.#..[)))..##.......#
#.#...)))..##.......#
#'###########.......#
#.≈.....#..##########
#.###...#)######
#.#.....#)#....#
#.#...#.#)#@...#
#.....#.#.'{...+
#...###.#'#....#
#.......'.#....#
################


There were no monsters in sight!

Vanquished Creatures
  A smoke demon (D)
  A hungry ghost (D)
  A porcupine (D)
  A sky beast (D)
  A quasit (D)
  An adder (D)
  An ufetubus (D)
  2 oozes (D)
  2 leopard geckos (D)
  5 orcs (D)
  A bat zombie (D)
  2 giant cockroaches (D)
  2 hobgoblins (D)
  2 quokkas (D)
  A frilled lizard (D)
24 creatures vanquished.

Notes
Turn   | Place    | Note
-------+----------+-------------------------------------------
     0 | D        | diana the Minotaur Monk began the quest for the Orb.
     0 | D        | Reached XP level 1. HP: 19/19 MP: 0/0
   159 | D        | Found a glowing golden altar of the Shining One.
   159 | D        | Found a glowing silver altar of Zin.
   159 | D        | Found a basalt altar of Yredelemnul.
   159 | D        | Found a shimmering altar of Xom.
   159 | D        | Found an ornate altar of the Wu Jian Council.
   159 | D        | Found a bloodstained altar of Trog.
   159 | D        | Found a deep blue altar of Sif Muna.
   159 | D        | Found a sacrificial altar of Ru.
   159 | D        | Found a stormy altar of Qazlal.
   159 | D        | Found an iron altar of Okawaru.
   159 | D        | Found a sparkling altar of Nemelex Xobeh.
   159 | D        | Found a burning altar of Makhleb.
   159 | D        | Found a viscous altar of Jiyva.
   159 | D        | Found a hazy altar of Hepliaklqana.
   159 | D        | Found an opulent altar of Gozag.
   159 | D        | Found a blossoming altar of Fedhas.
   159 | D        | Found a white marble altar of Elyvilon.
   159 | D        | Found a shadowy altar of Dithmenos.
   159 | D        | Found a snail-covered altar of Cheibriados.
   160 | D        | Found a radiant altar of Vehumet.
   160 | D        | Found a corrupted altar of Lugonu.
   160 | D        | Found a roughly hewn altar of Beogh.
   161 | D        | Found a hide-covered altar of Uskayaw.
   161 | D        | Found an ancient bone altar of Kikubaaqudgha.
   161 | D        | Found a shattered altar of Ashenzari.
   167 | D        | Became a worshipper of Makhleb the Destroyer
   167 | D        | Reached * piety under Makhleb
   167 | D        | Reached ** piety under Makhleb
   185 | D        | Reached XP level 2. HP: 28/28 MP: 1/1
   188 | D        | Reached skill level 5 in Fighting
   188 | D        | Reached skill level 5 in Axes
   193 | D        | Reached *** piety under Makhleb
   205 | D        | Reached **** piety under Makhleb
   384 | D        | Noticed a sky beast
   390 | D        | Reached XP level 3. HP: 35/37 MP: 2/2
   390 | D        | Noticed a hungry ghost
   408 | D        | Killed a sky beast
   408 | D        | Reached ***** piety under Makhleb
   408 | D        | Reached XP level 4. HP: 50/50 MP: 3/3
   408 | D        | Reached XP level 5. HP: 57/57 MP: 4/4
   419 | D        | Killed a hungry ghost
   419 | D        | Reached XP level 6. HP: 68/68 MP: 5/5
   441 | D        | Noticed a smoke demon
   464 | D        | Killed a smoke demon
   464 | D        | Reached XP level 7. HP: 45/79 MP: 6/6
   639 | D        | Reached ****** piety under Makhleb
   648 | D        | Slain by a shadow wraith

Skill      XL: |  1  2  3  4  5  6 |
---------------+-------------------+-----
Fighting       | 4 6 9 11 13 | 13.5
Axes           | 4 6 9 11 13 | 13.5
Dodging        | |  3.6
Stealth        | |  1.6

Action                   |  1- 3 |  4- 6 |  7- 9 || total
-------------------------+-------+-------+-------++-------
Melee: Hand axe          |    40 |    31 |    18 ||    89
       Headbutt          |     7 |     8 |     4 ||    19
  Use: Potion            |       |     4 |     3 ||     7
 Stab: Sleeping          |     1 |       |       ||     1
  Eat: Ration            |       |       |     1 ||     1
Armor: Plate armour      |    36 |    21 |     5 ||    62
       Robe              |     3 |       |       ||     3
Dodge: Dodged            |    20 |     4 |     4 ||    28
